 Dungeon Crawl Stone Soup version 0.32-a0-39-g5c88369fb2 (webtiles) character file.

Game seed: 15909735511445123861

1 Gargoyl the Trooper (level 1, -2/21 HPs)
             Began as a Gargoyle Berserker on Feb 1, 2024.
             Was a Follower of Trog.
             Frozen to death by an endoplasm (4 damage)
             ... on level 1 of the Dungeon.
             The game lasted 00:00:04 (25 turns).

Gargoyl the Trooper (Gargoyle Berserker)              Turns: 25, Time: 00:00:05

Health: -2/21      AC:  4    Str: 20    XL:     1   Next: 20%
Magic:  1/1        EV: 11    Int:  7    God:    Trog [*.....]
Gold:   0          SH:  0    Dex:  9    Spells: 0/0 levels left

rFire   . . .        a - +0 hand axe
rCold   . . .        (no shield)
rNeg    + . .        b - +0 animal skin
rPois   ∞            (no helmet)
rElec   +            (no cloak)
rCorr   .            (no gloves)
SInv    .            (no boots)
Will    .....        (no amulet) Stlth
                     (no ring)
HPRegen 0.23/turn    (no ring)
MPRegen 0.07/turn

%: no passive effects
@: berserking, very quick
A: sickness immunity, AC +2, negative energy resistance 1, electricity
resistance, torment resistance 1, petrification resistance
a: Renounce Religion, Berserk


You were on level 1 of the Dungeon.
You worshipped Trog.
Trog was aware of your devotion.
You visited 1 branch of the dungeon, and saw 1 of its levels.

Inventory:

Hand Weapons
 a - a +0 hand axe (weapon)
Armour
 b - a +0 animal skin (worn)


   Skills:
 + Level 3.3 Fighting
 + Level 2.7 Axes
 + Level 2.2 Armour
 + Level 1.5 Dodging


You couldn't memorise any spells.
You didn't know any spells.
Your spell library was empty.

Dungeon Overview and Level Annotations

Branches:
Dungeon (1/15)

Altars:


Innate Abilities, Weirdness & Mutations

You are immune to sickness and miasma.
Your stone body is resilient. (AC +2)
You are immune to poison.
You resist negative energy. (rN+)
You are resistant to electric shocks. (rElec)
You are resistant to unholy torment.
You are immune to petrification.


Message History

Press ? for a list of commands and other information.
Found a staircase leading out of the dungeon.
Found an escape hatch in the floor.
Found a ring mail.
A quokka comes into view.
An endoplasm comes into view.
You barely miss the quokka. The quokka completely misses you.
The quokka closely misses you.
You barely miss the quokka. The quokka barely misses you.
You hit the quokka but do no damage.
The quokka bites you but does no damage.
The quokka barely misses you.
You closely miss the quokka. The quokka closely misses you.
You slash the quokka!
You kill the quokka!
Trog accepts your kill.
You see here a quokka corpse.
The endoplasm quivers.
The endoplasm freezes you.
You are frozen.
You hit the endoplasm but do no damage.
The endoplasm hits you but does no damage.
The endoplasm freezes you.
You are frozen.
You completely miss the endoplasm. The endoplasm freezes you.
You are frozen.
You barely miss the endoplasm. The endoplasm barely misses you.
You hit the endoplasm but do no damage.
The endoplasm jiggles.
The endoplasm hits you.
You completely miss the endoplasm. The endoplasm freezes you.
You are frozen.
* * * LOW HITPOINT WARNING * * *
A red film seems to cover your vision as you go berserk!
You feel yourself moving faster!
You feel mighty! The endoplasm freezes you.
You are frozen.
You die...

######## #......#
#......# #......#
#......# #......#
#..J...# #+
#..@...# # #.
#......# ..###.
#†.....#
#.....####......#.
#................
###...###...###...
#.............#...
#.............# ..
.....###...###....


You could see an endoplasm.

Vanquished Creatures
  A quokka (D:1)
1 creature vanquished.

Notes
Turn   | Place    | Note
-------+----------+-------------------------------------------
     0 | D:1      | Gargoyl the Gargoyle Berserker began the quest for the Orb.
     0 | D:1      | Reached XP level 1. HP: 14/14 MP: 1/1
    25 | D:1      | Frozen to death by an endoplasm

Illustrated notes

Levels and vault maps discovered:
D:1:      minmay_arrival_open_corners, layout_basic, minmay_tromino_i2

Action                     || total
---------------------------++-------
  Melee: Hand axe          ||    10
 Invoke: Berserk           ||     1
 Armour: Animal skin       ||     3
  Dodge: Dodged            ||     6

Table legend: (Time is in decaauts)
 A = Elapsed time spent in this place.
 B = Non-inter-level travel time spent in this place.
 C = Inter-level travel time spent in this place.
 D = Time resting spent in this place.
 E = Time spent auto-exploring this place.
 F = Levels seen in this place.
 G = Mean time per level.
                   A        B        C        D        E       F      G
               +--------+--------+--------+--------+--------+-----+--------+
         Total |     26 |     26 |      0 |      0 |      5 |   1 |   26.0 |
       Dungeon |     26 |     26 |      0 |      0 |      5 |   1 |   26.0 |
               +--------+--------+--------+--------+--------+-----+--------+

Top non-repeatable levels by time:
     D:1: 26 daAuts
